 Dungeon Crawl Stone Soup version 0.29-a0-565-g7a16c6de65 (webtiles) character file.

Game seed: 4992111187553152980

600 Lekart the Thaumaturge (level 7, -4/59 HPs)
             Began as a Yellow Draconian Chaos Knight on June 12, 2022.
             Was a Plaything of Xom.
             Slain by Edmund the jumping spider (glowing shapeshifter) (7 damage)
             ... on level 5 of the Dungeon.
             The game lasted 00:08:46 (4492 turns).

Lekart the Thaumaturge (DrCK)                       Turns: 4492, Time: 00:08:46

Health: -4/59      AC:  6    Str: 16    XL:     7   Next: 18%
Magic:  20/20      EV: 12    Int: 12    God:    Xom [....*.]
Gold:   267        SH:  5    Dex: 13    Spells: 25/25 levels left

rFire   . . .      SeeInvis .   a - +0 falchion (chaos)
rCold   + . .      Faith    .   (no shield)
rNeg    + + .      Spirit   .   (body armour unavailable)
rPois   .          Reflect  +   (helmet restricted)
rElec   +          Harm     .   (no cloak)
rCorr   +          Rampage  .   (no gloves)
Will    .....                   (no boots)
Stlth   +.........              f - amulet "Rojairr" {Reflect rElec rN+ SH+5}
HPRegen 0.19/turn               g - ring of positive energy
MPRegen 0.17/turn               (no ring)

@: lethally poisoned (-4 -> -27), about to teleport
A: spit acid, AC +6, unfitting armour, cold-blooded, acid resistance, beak,
stinger 1, talons 1, cold resistance 1, strong 1
a: Breathe Acid, Renounce Religion


You were on level 5 of the Dungeon.
You worshipped Xom.
You were a beloved toy of Xom.
You visited 1 branch of the dungeon, and saw 5 of its levels.

You collected 267 gold pieces.

Inventory:

Hand Weapons
 a - a +0 falchion of chaos (weapon)
Missiles
 c - 5 poisoned darts
 d - 4 javelins
 i - 3 atropa-tipped darts (quivered)
Jewellery
 f - the amulet "Rojairr" (around neck) {Reflect rElec rN+ SH+5}
   (You found it on level 3 of the Dungeon)

   [amulet of reflection]

   It reflects blocked missile attacks.
   rElec:     It insulates you from electricity.
   rN:        It protects you from negative energy.
   SH:        It affects your SH (+5).
 g - a ring of positive energy (left hand)
 n - an amulet of magic regeneration
Wands
 k - a wand of polymorph (10)
Scrolls
 e - 2 scrolls of teleportation
 l - a scroll of magic mapping
Potions
 j - 2 potions of brilliance
 m - a potion of attraction
Miscellaneous
 b - a piece from Xom's chessboard (15/15)


   Skills:
 + Level 4.2 Fighting
 + Level 4.5 Long Blades
 + Level 2.5 Throwing
 + Level 3.0 Dodging
 + Level 0.4 Shields
 + Level 9.5 Spellcasting


You had 25 spell levels left.
You didn't know any spells.
Your spell library contained the following spells:

 Spells                   Type           Power      Damage    Failure   Level
 Necrotize                Necr           20%        1d5       13%         1
 Vampiric Draining        Necr           5%         2d6       36%         3
 Agony                    Necr           5%         N/A       98%         5


Dungeon Overview and Level Annotations

Branches:
Dungeon (5/15)
 Temple: D:4-7

Altars:
Ru
Sif Muna

Annotations:
D:5 Edmund


Innate Abilities, Weirdness & Mutations

You can spit globs of acid.
Your golden yellow scales are hard. (AC +6)
You cannot fit into any form of body armour.
You are cold-blooded and may be slowed by cold attacks.
You are resistant to acid. (rCorr)
You have a beak for a mouth.
Your tail ends in a venomous barb.
You have sharp toenails.
Your flesh is cold resistant. (rC+)
Your muscles are strong. (Str +2)


Message History

Edmund is moderately wounded.
You have got your breath back.
Edmund bites you.
Unknown command.
You hit Edmund. You freeze Edmund. You peck Edmund, but do no damage.
Your tail-slap misses Edmund.
Edmund is severely wounded.
Edmund barely misses you.
You closely miss Edmund. Your kick misses Edmund.
Edmund is severely wounded.
Edmund bites you.
You hit Edmund. You burn Edmund. You claw Edmund, but do no damage.
Your tail-slap misses Edmund.
Edmund is almost dead.
Edmund the dream sheep changes into a sea snake!
You closely miss Edmund. You claw Edmund.
Your tail-slap misses Edmund.
Edmund is severely wounded.
Edmund bites you!!
You are lethally poisoned!
Edmund poisons you!
You are too injured to fight recklessly!
You are too injured to fight recklessly!
You feel much better.
You feel extremely sick.
Edmund the sea snake changes into a death drake!
Okay, then.
As you read the scroll of teleportation, it crumbles to dust.
You feel strangely unstable.
* * * LOW HITPOINT WARNING * * *
You feel extremely sick.
Edmund the death drake changes into a jumping spider!
* * * LOW HITPOINT WARNING * * *
You feel extremely sick. Edmund attacks as you move away!
You block Edmund's attack. Edmund bites you but does no damage.
* * * LOW HITPOINT WARNING * * *
You feel very sick. Edmund pounces on you!
You die...
Xom is highly amused!

##.....#...# #
#.....)#...###..
#..#...........#
#..##......#.#.#
#..###.#..###..# # #..#
#.#.#)#.#.# # #.)#
#.#.##.##.# #
#####..###.#.##.##.# #
....(()>s@...........#####
############.............#
###....##......
####......... ##########


You could see Edmund the jumping spider shaped shifter.

Vanquished Creatures
  An ogre (D:5)
  2 scorpions
  2 orc priests
  A gnoll shaman (D:4)
  Jessica (D:3)
  An iguana (D:4)
  Ijyb (D:5)
  4 adders
  6 gnolls (D:4)
  An ufetubus (D:5)
  A dart slug (D:4)
  7 orcs
  4 ball pythons
  4 bats
  15 endoplasms
  6 giant cockroaches
  2 goblins
  6 hobgoblins
  5 jackals
  8 kobolds
  3 quokkas
  4 frilled lizards
  6 rats
91 creatures vanquished.

Vanquished Creatures (others)
  2 plants (D:4)
2 creatures vanquished.

Grand Total: 93 creatures vanquished

Notes
Turn   | Place    | Note
-------+----------+-------------------------------------------
     0 | D:1      | Lekart the Draconian Chaos Knight began the quest for the
                  | Orb.
     0 | D:1      | Reached XP level 1. HP: 19/19 MP: 1/1
    19 | D:1      | XOM: divination: detect items
   185 | D:1      | Reached XP level 2. HP: 24/27 MP: 2/2
   347 | D:1      | XOM: silly message
   708 | D:2      | XOM: god gift: scroll labelled APRAACK PACEST {god gift}
   742 | D:2      | Reached XP level 3. HP: 31/33 MP: 3/3
   765 | D:2      | XOM: divination: magic mapping
   870 | D:2      | Found a faded altar of an unknown god.
  1031 | D:2      | XOM: give mutation
  1031 | D:2      | Gained mutation: You have a beak for a mouth. [Xom's grace]
  1202 | D:2      | Reached skill level 9 in Spellcasting
  1202 | D:2      | Reached XP level 4. HP: 40/40 MP: 3/15
  1396 | D:3      | Identified the amulet "Rojairr" {Reflect rElec rN+ SH+5}
  1555 | D:3      | Noticed a scorpion
  1563 | D:3      | Killed a scorpion
  1564 | D:3      | Reached skill level 1 in Throwing
  1564 | D:3      | Reached XP level 5. HP: 29/46 MP: 17/17
  1946 | D:3      | Noticed Jessica
  1949 | D:3      | Killed Jessica
  2305 | D:3      | XOM: give mutation
  2305 | D:3      | Gained mutation: Your tail ends in a venomous barb. [Xom's
                  | mischief]
  2555 | D:3      | Found a shimmering blue altar of Sif Muna.
  2659 | D:4      | XOM: polymorph hound -> gnoll
  2681 | D:4      | XOM: cast spell 'Summon Small Mammal'
  2690 | D:4      | XOM: potion effect (brilliance)
  2853 | D:4      | Reached XP level 6. HP: 37/52 MP: 18/18
  3064 | D:4      | XOM: god gift: scroll of teleportation
  3105 | D:4      | XOM: scenery: summon butterflies
  3179 | D:4      | XOM: 2-stop teleportation journey
  3261 | D:4      | XOM: scenery: summon butterflies
  3291 | D:4      | XOM: give mutations
  3291 | D:4      | Gained mutation: Your muscles are strong. (Str +2) [Xom's
                  | grace]
  3291 | D:4      | Gained mutation: Your flesh is cold resistant. (rC+) [Xom's
                  | grace]
  3291 | D:4      | Gained mutation: You have sharp toenails. [Xom's grace]
  3733 | D:4      | Found a sacrificial altar of Ru.
  3990 | D:4      | XOM: noise
  4009 | D:4      | XOM: summons 1 hostile demon
  4044 | D:4      | XOM: god gift: brown potion {god gift}
  4247 | D:5      | Entered Level 5 of the Dungeon
  4324 | D:5      | Noticed Ijyb
  4327 | D:5      | Paralysed by Ijyb for 5 turns
  4339 | D:5      | Killed Ijyb
  4464 | D:5      | Your scales start taking on a golden yellow colour.
  4464 | D:5      | Reached XP level 7. HP: 59/59 MP: 20/20
  4464 | D:5      | Gained mutation: You are resistant to acid. (rCorr) [Yellow
                  | Draconian growth]
  4478 | D:5      | Noticed Edmund
  4483 | D:5      | Noticed Edmund
  4483 | D:5      | Edmund changed into Edmund the glowing shapeshifter
  4483 | D:5      | XOM: noise
  4483 | D:5      | Noticed Edmund
  4483 | D:5      | Edmund the glowing shapeshifter changed into Edmund the
                  | dream sheep
  4487 | D:5      | Noticed Edmund
  4487 | D:5      | Edmund the dream sheep changed into Edmund the sea snake
  4489 | D:5      | Noticed Edmund
  4489 | D:5      | Edmund the sea snake changed into Edmund the death drake
  4490 | D:5      | Noticed Edmund
  4490 | D:5      | Edmund the death drake changed into Edmund the jumping
                  | spider
  4492 | D:5      | Slain by Edmund the jumping spider (glowing shapeshifter)

Illustrated notes

Levels and vault maps discovered:
D:1:      wander_arrival_lonely_grave, layout_rooms, dreamdust_mushroom_princess
D:2:      layout_rooms, ebering_ecumenical_altar_box, grunt_ministairs_12,
          minmay_tree_intersection
D:3:      layout_loops_corners, tgw_sif
D:4:      layout_loops_ring, general_overflow_altar, serial_bayou,
          serial_bayou_pond_c, serial_bayou_shore_a, serial_bayou_pond_a,
          serial_bayou_lake_a, corexii_shack
D:5:      layout_loops_ring, patterned_corridor, uniq_ijyb, uniq_edmund

Skill      XL: |  1  2  3  4  5  6 |
---------------+-------------------+-----
Fighting       | 4 |  4.2
Spellcasting   | 9 |  9.5
Throwing       | 1 2 |  2.5
Long Blades    | 4 |  4.5
Dodging        | 3 |  3.0
Shields        | |  0.4

Action                   |  1- 3 |  4- 6 |  7- 9 || total
-------------------------+-------+-------+-------++-------
Melee: Falchion          |    62 |   134 |     7 ||   203
       Tailslap          |     6 |    17 |       ||    23
       Peck              |       |    27 |     2 ||    29
       Kick              |       |    13 |     3 ||    16
       Punch             |       |     1 |       ||     1
Throw: Dart              |    20 |    16 |     4 ||    40
       Javelin           |     7 |    27 |       ||    34
 Abil: Breathe Acid      |       |       |     1 ||     1
Evoke: Piece from Xom's  |     1 |       |       ||     1
  Use: Scroll            |     5 |     2 |     1 ||     8
       Potion            |     3 |     6 |     1 ||    10
 Stab: Confused          |     1 |       |       ||     1
       Sleeping          |     1 |       |       ||     1
       Paralysed         |       |     1 |       ||     1
Armor: Skin              |    21 |    30 |     1 ||    52
Dodge: Dodged            |    42 |    67 |     2 ||   111
Block: Other             |       |    14 |     1 ||    15

Table legend: (Time is in decaauts)
 A = Elapsed time spent in this place.
 B = Non-inter-level travel time spent in this place.
 C = Inter-level travel time spent in this place.
 D = Time resting spent in this place.
 E = Time spent auto-exploring this place.
 F = Levels seen in this place.
 G = Mean time per level.
                   A        B        C        D        E       F      G
               +--------+--------+--------+--------+--------+-----+--------+
         Total |   4574 |   4475 |     99 |    477 |   3299 |   5 |  914.8 |
       Dungeon |   4574 |   4475 |     99 |    477 |   3299 |   5 |  914.8 |
               +--------+--------+--------+--------+--------+-----+--------+

Top non-repeatable levels by time:
     D:4: 1541 daAuts
     D:3: 1382 daAuts
     D:2: 799 daAuts
     D:1: 604 daAuts
     D:5: 246 daAuts
